AoeStats
← Pillage The Village

Arena

509684000Analyzed
4v4 RM · 3d ago on Sep 27, 2026· 41m 20s· 8 players
Game mode
Random Map
Map size
Large (8 player)
Population
200
Speed
Normal
Resources
Standard
Victory
Conquest
Starting age
Dark Age
Ending age
Imperial Age
RankedLock teamsTeams togetherTeam positionsShared explorationLock speedFull tech treeHidden civsTurbo modeCheats
Victory
Defeat
🇨🇿 Spanish · Czechia
1105
+17
🇨🇴 Vietnamese · Colombia
1085
+18
🇺🇸 Cumans · United States
1061
+19
🇹🇷 Chinese · Türkiye
1043
+19
🇧🇪 Mongols · Belgium
1244
-24
🇧🇪 Khmer · Belgium
1214
-22
🇧🇪 Hindustanis · Belgium
1059
-16
🇧🇪 Franks · Belgium
956
-11
Neor2526
10:17 Feudal Age
16:39 Castle Age
14:40 Double-Bit Axe
15:09 Horse Collar
16:36 Wheelbarrow
20:17 Hand Cart
24:48 Loom
29:26 Imperial Age
28:38 Husbandry
30:08 Bow Saw
29:38 Elite Battle Elephant
30:24 Devotion
31:09 Bloodlines
31:08 Scale Barding Armor
32:28 Two-Man Saw
31:21 Gold Mining
31:22 Stone Mining
31:36 Heavy Plow
31:55 Forging
32:10 Chain Barding Armor
31:57 Chatras
32:22 Paper Money
33:10 Crop Rotation
36:38 Plate Barding Armor
36:39 Iron Casting
36:57 Town Watch
37:51 Stone Shaft Mining
37:32 Fletching
39:25 Chemistry
39:11 Town Patrol
39:09 Bodkin Arrow
39:54 Pikeman
40:01 Light Cavalry
RarinWheel65511
10:56 Feudal Age
11:53 Horse Collar
12:01 Double-Bit Axe
17:43 Wheelbarrow
18:42 Forging
18:33 Scale Mail Armor
22:39 Castle Age
21:05 Scale Barding Armor
22:34 Fletching
22:44 Padded Archer Armor
23:02 Bloodlines
23:55 Hand Cart
23:11 Pikeman
24:08 Heavy Plow
24:22 Bow Saw
24:17 Gold Mining
28:04 Imperial Age
25:55 Stone Mining
27:50 Loom
27:50 Town Watch
29:23 Halberdier
31:08 Gold Shaft Mining
30:47 Town Patrol
32:43 Chain Barding Armor
35:19 Crop Rotation
35:58 Elite Steppe Lancer
Panzerfaust
9:50 Feudal Age
10:29 Double-Bit Axe
10:25 Horse Collar
13:31 Forging
14:51 Loom
19:23 Castle Age
17:56 Scale Mail Armor
18:13 Fletching
19:17 Padded Archer Armor
20:05 Wheelbarrow
20:30 Bodkin Arrow
23:05 Elite Skirmisher
24:09 Leather Archer Armor
24:04 Town Watch
25:23 Bow Saw
25:25 Heavy Plow
29:41 Hand Cart
29:52 Ballistics
30:24 Thumb Ring
33:47 Imperial Age
31:29 Pikeman
32:48 Iron Casting
32:29 Chain Mail Armor
33:30 Town Patrol
35:46 Chemistry
34:57 Masonry
34:58 Fortified Wall
34:45 Murder Holes
35:13 Bracer
35:44 Ring Archer Armor
35:37 Conscription
36:17 Elite Conquistador
37:02 Imperial Skirmisher
38:41 Gold Mining
39:47 Architecture
40:21 Blast Furnace
39:52 Plate Mail Armor
38:46 Halberdier
40:02 Bloodlines
39:53 Husbandry
39:14 Light Cavalry
40:39 Scale Barding Armor
39:58 Cavalier
41:26 Stone Mining
Elbaron
12:10 Feudal Age
12:16 Loom
16:21 Castle Age
15:14 Double-Bit Axe
15:37 Horse Collar
28:05 Wheelbarrow
27:15 Town Watch
27:43 Forging
27:34 Scale Mail Armor
27:40 Padded Archer Armor
27:30 Fletching
28:10 Ballistics
28:03 Fortified Wall
28:04 Masonry
28:45 Squires
28:31 Arson
29:03 Leather Archer Armor
28:49 Scale Mail Armor
28:59 Forging
31:21 Imperial Age
29:07 Hand Cart
28:52 Town Patrol
29:05 Bow Saw
28:57 Heavy Plow
28:50 Gold Mining
28:50 Stone Mining
29:30 Thumb Ring
29:24 Bodkin Arrow
30:13 Town Patrol
30:24 Great Wall
30:27 Guard Tower
31:41 Gold Shaft Mining
30:56 Stone Mining
32:08 Pikeman
33:12 Conscription
32:12 Elite Chu Ko Nu
34:21 Stone Shaft Mining
34:51 Two-Man Saw
35:02 Chemistry
33:51 Arrowslits
39:27 Bombard Tower
40:10 Heavy Rocket Cart
40:41 Halberdier
Pillage The Village
10:04 Feudal Age
10:48 Loom
14:09 Castle Age
12:05 Double-Bit Axe
13:25 Gold Mining
15:16 Husbandry
24:42 Bow Saw
24:15 Horse Collar
25:10 Bloodlines
26:19 Wheelbarrow
27:14 Heavy Plow
27:51 Gold Shaft Mining
28:04 Forging
31:20 Imperial Age
30:33 Scale Barding Armor
31:56 Iron Casting
31:42 Chain Barding Armor
32:28 Hand Cart
33:15 Crop Rotation
32:38 Stone Mining
32:59 Town Watch
32:43 Elite Battle Elephant
35:08 Blast Furnace
34:49 Plate Barding Armor
35:55 Tusk Swords
36:16 Conscription
40:21 Heavy Scorpion
41:03 Double Crossbow
COMMANDER SANDER
11:11 Feudal Age
16:39 Castle Age
16:41 Forging
17:45 Husbandry
19:16 Wheelbarrow
20:48 Bloodlines
21:15 Scale Barding Armor
22:52 Iron Casting
23:40 Gold Mining
23:38 Double-Bit Axe
23:37 Horse Collar
28:25 Chain Barding Armor
31:51 Hand Cart
33:08 Pikeman
33:49 Squires
38:18 Imperial Age
35:47 Stone Mining
36:33 Gold Shaft Mining
36:11 Bow Saw
Pontifex Fakkulus
11:21 Feudal Age
12:50 Double-Bit Axe
19:34 Castle Age
19:16 Wheelbarrow
20:37 Scale Barding Armor
20:46 Forging
21:16 Bow Saw
20:49 Pikeman
24:10 Loom
24:13 Town Watch
33:26 Hand Cart
33:11 Town Patrol
33:16 Scale Mail Armor
34:07 Town Patrol
37:16 Imperial Age
35:00 Husbandry
35:40 Iron Casting
36:21 Chain Barding Armor
36:14 Gold Mining
38:41 Padded Archer Armor
39:41 Blast Furnace
38:33 Fletching
38:07 Elite Skirmisher
39:31 Halberdier
41:29 Chemistry
40:50 Ballistics
40:46 Bodkin Arrow
41:06 Leather Archer Armor
Myll_Barka
3:05 Loom
10:26 Feudal Age
16:48 Castle Age
15:27 Fletching
15:48 Double-Bit Axe
18:07 Bodkin Arrow
18:35 Bow Saw
18:57 Horse Collar
20:35 Padded Archer Armor
21:52 Bloodlines
24:32 Scale Barding Armor
24:43 Leather Archer Armor
26:49 Husbandry
27:39 Chain Barding Armor
30:31 Wheelbarrow
31:46 Ballistics
31:52 Hand Cart
37:02 Imperial Age
34:05 Light Cavalry
35:46 Forging
37:04 Elite Mangudai
38:19 Bracer
39:46 Iron Casting
39:34 Hussar
Connection lost

Rejoining the realm…

Still unreachable

The connection could not be restored.

Session expired

The server has moved on; the page needs a fresh start.